 Dungeon Crawl Stone Soup version 0.23-a0-389-g4a5eb33 (webtiles) character file.

46 BingusPrime the Insei (level 3, 0/28 HPs)
             Began as a Draconian Transmuter on Oct 29, 2018.
             Slain by Natasha (3 damage)
             ... on level 1 of the Dungeon.
             The game lasted 00:06:09 (1677 turns).

BingusPrime the Insei (Draconian Transmuter)        Turns: 1677, Time: 00:06:10

Health: 0/28       AC:  5    Str: 12    XL:     3   Next: 46%
Magic:  2/6        EV: 12    Int: 13    God:
Gold:   18         SH:  0    Dex: 12    Spells: 3/6 levels left

rFire    . . .     SeeInvis .     - Unarmed
rCold    . . .     Gourm    .   (no shield)
rNeg     . . .     Faith    .   (armour unavailable)
rPois    .         Spirit   .   (helmet restricted)
rElec    .         Reflect  .   (no cloak)
rCorr    .         Harm     .   (no gloves)
MR       .....                  (no boots)
Stlth    +.........             (no amulet)
HPRegen  0.09/turn              (no ring)
MPRegen  0.10/turn              (no ring)

@: no status effects
A: unfitting armour, cold-blooded, AC +5
a: no special abilities


You were on level 1 of the Dungeon.
You were not hungry.

You visited 1 branch of the dungeon, and saw 2 of its levels.

You collected 18 gold pieces.

Inventory:

Missiles
 a - 25 arrows
Armour
 g - a +0 cloak
Potions
 f - a potion of degeneration {unknown}
Comestibles
 c - 2 rations


   Skills:
 * Level 1.6 Fighting
 + Level 2.0 Dodging
 * Level 3.9 Unarmed Combat
 + Level 2.2 Spellcasting
 + Level 2.1 Transmutations


You had 3 spell levels left.
You knew the following spells:

 Your Spells              Type           Power        Failure   Level  Hunger
a - Beastly Appendage     Tmut           #.....       11%         1    ##.....
b - Sticks to Snakes      Tmut           #.......     16%         2    ###....

Your spell library contained the following spells:

 Spells                   Type           Power        Failure   Level  Hunger
 Spider Form              Tmut/Pois      #.........   43%         3    ####...
 Ice Form                 Ice/Tmut       #.......     85%         4    #####..
 Blade Hands              Tmut           #.........   96%         5    ######.


Dungeon Overview and Level Annotations

Branches:
Dungeon (2/15)

Altars:

Annotations:
D:1 Natasha, Robin


Innate Abilities, Weirdness & Mutations

Your plain brown scales are hard. (AC +5)
You cannot fit into any form of body armour.
You are cold-blooded and may be slowed by cold attacks.


Message History

Natasha closely misses you. The goblin barely misses you.
Unknown command.
You barely miss Robin.
Robin is almost dead.
Robin says, "My goblins will feast on your bones."
The goblin hits you but does no damage. Natasha casts a spell at you.
You resist with significant effort. The goblin hits you with a +0 club.
* * * LOW HITPOINT WARNING * * *
The goblin misses you. Robin closely misses you. The goblin hits you.
* * * LOW HITPOINT WARNING * * *
It was a potion of cancellation.
Your magical effects are unravelling.
You feel magically purged.
Your horns disappear.
You feel yourself speed up. Natasha barely misses you.
The goblin hits you with a +0 club.
* * * LOW HITPOINT WARNING * * *
The goblin hits you but does no damage. The goblin completely misses you.
Natasha claws you.
You die...

.#.# #.# #.......... .#.# #.#
#.......... ##.# #.# ##.####.##.
#.# #.# #.# #.##. #.# #.######.#
#.##. #.# #........####.##. ##.##
#####............
#...#############g............###
#..............g@g###.#########
#..)############gh....# #####
##.##### ########## #.#
#........# #.# ####....###.# #.#
........# #.# #.# .#.###..# #.#
#.# ##..#..## #.#####.#


You could see Robin, Natasha and 3 goblins.

Vanquished Creatures
  An adder (D:1)
  An ooze (D:1)
  A leopard gecko (D:1)
  5 bats (D:1)
  2 giant cockroaches (D:1)
  7 goblins
  3 hobgoblins
  A quokka (D:1)
  A ball python (D:1)
  A frilled lizard (D:2)
  A kobold (D:1)
  6 rats
30 creatures vanquished.

Vanquished Creatures (collateral kills)
  A goblin (D:1)
  2 hobgoblins (D:2)
3 creatures vanquished.

Grand Total: 33 creatures vanquished

Notes
Turn   | Place    | Note
-------+----------+-------------------------------------------
     0 | D:1      | BingusPrime the Draconian Transmuter began the quest for
                  | the Orb.
     0 | D:1      | Reached XP level 1. HP: 16/16 MP: 3/3
   209 | D:1      | Reached XP level 2. HP: 19/23 MP: 3/5
   806 | D:2      | Found a faded altar of an unknown god.
   881 | D:2      | Noticed Robin
  1198 | D:1      | Learned a level 2 spell: Sticks to Snakes
  1206 | D:1      | Reached XP level 3. HP: 16/28 MP: 1/6
  1669 | D:2      | Noticed Natasha
  1677 | D:1      | Slain by Natasha

Vault maps used:
D:1:      dpeg_arrival_arbitrary_b, minmay_heptomino_h4
D:2:      old_standard_altar, chequers_ecumenical_altar_island,
          grunt_ministairs_15, serial_bayou_pond_a, tgw_kikubaaqudgha,
          uniq_terence, uniq_robin, uniq_natasha

Skill      XL: |  1  2 |
---------------+-------+-----
Dodging        | 2 |  2.0
Fighting       | |  1.6
Unarmed Combat | |  3.9
Spellcasting   | |  2.2
Transmutations | |  2.1

Action                   || total
-------------------------++-------
Melee: Unarmed           ||   116
       Headbutt          ||    10
       Tailslap          ||     4
       Kick              ||     2
 Cast: Beastly Appendage ||    20
       Sticks to Snakes  ||     6
  Use: Potion            ||     2
       Scroll            ||     1
  Eat: Chunk             ||     3
Armor: Skin              ||    63
Dodge: Dodged            ||   107

Table legend:
 A = Non-vault XP
 B = Vault XP
 C = Vault XP percentage of total XP
 D = Non-vault monster count
 E = Vault monster count
 F = Vault count percentage of total count
                 A         B        C        D         E       F
            +---------+---------+-------+---------+---------+-------
      Total |      50 |      17 |  25.4 |      21 |      12 |  36.4
            +---------+---------+-------+---------+---------+-------
        D:1 |      48 |       9 |  15.8 |      19 |       7 |  26.9
        D:2 |       2 |       8 |  80.0 |       2 |       5 |  71.4
            +---------+---------+-------+---------+---------+-------
